AoeStats
← |GaoeG| flamingo

Arabia

509731259Analyzed
2v2 RM · 3d ago on Sep 27, 2026· 52m 57s· 4 players
Game mode
Random Map
Map size
Medium (4 player)
Population
200
Speed
Normal
Resources
Standard
Victory
Conquest
Starting age
Dark Age
Ending age
Imperial Age
RankedLock teamsTeams togetherTeam positionsShared explorationLock speedFull tech treeHidden civsTurbo modeCheats
Victory
Defeat
🇪🇸 Ethiopians · Spain
1310
+10
🇪🇸 Vietnamese · Spain
1195
+15
🇸🇪 Vietnamese · Sweden
1177
-13
🇸🇪 Danes · Sweden
1170
-12
Tyremeus
7:42 Loom
9:55 Feudal Age
11:04 Double-Bit Axe
13:15 Fletching
13:58 Horse Collar
16:24 Padded Archer Armor
23:30 Castle Age
23:32 Gold Mining
24:20 Bodkin Arrow
23:48 Crossbowman
25:10 Elite Skirmisher
27:18 Wheelbarrow
27:55 Bow Saw
28:55 Ballistics
29:16 Leather Archer Armor
33:06 Thumb Ring
38:59 Heavy Plow
42:48 Imperial Age
41:40 Hand Cart
43:38 Bracer
43:01 Imperial Skirmisher
43:33 Arbalester
46:27 Chemistry
46:11 Town Watch
47:23 Ring Archer Armor
J.D.Rehn
10:14 Feudal Age
10:45 Loom
10:23 Man-at-Arms
11:24 Double-Bit Axe
13:53 Arson
16:17 Horse Collar
23:48 Castle Age
22:04 Gold Mining
25:06 Squires
25:10 Scale Mail Armor
25:27 Bow Saw
26:14 Wheelbarrow
25:53 Forging
25:34 Gambesons
27:16 Chain Mail Armor
29:28 Stone Mining
31:22 Fletching
32:20 Bodkin Arrow
34:57 Hand Cart
43:42 Heavy Plow
49:09 Imperial Age
48:42 Iron Casting
JITANOmaleant7
6:31 Loom
9:08 Feudal Age
9:44 Double-Bit Axe
13:02 Fletching
15:17 Padded Archer Armor
22:25 Castle Age
21:44 Stone Mining
21:44 Gold Mining
22:32 Crossbowman
23:10 Bodkin Arrow
24:42 Thumb Ring
27:15 Ballistics
27:14 Leather Archer Armor
35:47 Royal Heirs
35:48 Scale Mail Armor
35:59 Forging
40:01 Squires
40:32 Bow Saw
40:06 Horse Collar
44:03 Imperial Age
45:12 Wheelbarrow
44:13 Arbalester
44:55 Bracer
45:27 Ring Archer Armor
45:59 Chemistry
46:13 Elite Skirmisher
47:21 Imperial Skirmisher
|GaoeG| flamingo
6:21 Loom
8:53 Feudal Age
9:34 Double-Bit Axe
17:08 Bloodlines
20:04 Wheelbarrow
23:23 Castle Age
23:22 Scale Barding Armor
23:29 Gold Mining
24:17 Husbandry
25:09 Bow Saw
24:43 Horse Collar
25:23 Heavy Plow
29:27 Forging
33:44 Chain Barding Armor
34:04 Iron Casting
34:49 Hand Cart
37:37 Town Watch
40:29 Imperial Age
40:43 Cavalier
42:01 Plate Barding Armor
Connection lost

Rejoining the realm…

Still unreachable

The connection could not be restored.

Session expired

The server has moved on; the page needs a fresh start.